Dynamic Boxscore Link
Red Tails
11-9
7
FINAL
3
Miami
Trident
9-13
Summary
Boxscore
Lineups
Recap

1st Period

1-0 TRTScore
6:35Time
5v5Type
2-0 TRTScore
6:43Time
5v5Type
3-0 TRTScore
6:51Time
5v5Type
3-1 TRTScore
15:45Time
5v5Type

2nd Period

3-2 TRTScore
1:56Time
5v5Type
4-2 TRTScore
5:02Time
5v5Type
5-2 TRTScore
9:09Time
5v5Type
6-2 TRTScore
14:02Time
5v5Type
6-3 TRTScore
14:58Time
5v5Type

3rd Period

7-3 TRTScore
6:11Time
5v5Type

Penalties

1st Period
Jimmy Ruddell (TRI) for Fighting (Major) at 5:37
Kobe Babych (TRT) for Fighting (Major) at 5:37
2nd Period
Phillip Saganiuk (TRT) for Interference (Minor) at 11:25
3rd Period
Acke Kronholm (TRI) for Fighting (Major) at 7:35
Coltyn Bergevin (TRT) for Fighting (Major) at 7:35
Acke Kronholm (TRI) for instigated a fight (Minor) at 7:35
Acke Kronholm (TRI) for instigated a fight (10 Minutes Misconduct) at 7:35
Marc-Andre Larochelle (TRI) for High sticking (Minor) at 12:17
Phillip Saganiuk (TRT) for Delaying the game (Minor) at 17:28
TRT
TRI

Red Tails

# Player Pos G A PTS +/- S PIM TOI SB Hits GA TA
18 Cruz Dupont RW 0 4 4 4 1 0 16:32 1 1 1 0
15 Ashton Thomson C 4 0 4 4 5 0 16:25 2 4 0 0
29 Tom Folke C 0 3 3 1 3 0 19:04 0 1 1 0
67 Leimo Ali RW 1 1 2 1 4 0 19:04 1 4 0 1
73 Dolf Imseng D 0 2 2 2 0 0 20:16 0 1 1 1
37 Cole Mcure LW 1 1 2 1 5 0 19:04 0 2 1 0
60 Bill Brelih LW 0 1 1 0 0 0 13:55 1 1 0 0
25 Harry Clerk C 1 0 1 0 2 0 13:53 3 1 1 0
81 Svyatoslav Mylnikov D 0 0 0 0 0 0 16:37 1 1 0 0
0 Blaize Bremer LW 0 0 0 -1 4 0 10:35 0 1 0 0
9 Aki-Ville Lallo LW 0 0 0 4 0 0 16:47 0 0 0 1
10 Aarre Lokki RW 0 0 0 0 1 0 13:51 0 0 0 0
6 Vyacheslav Oleshko D 0 0 0 0 0 0 16:14 2 2 0 0
58 Coltyn Bergevin D 0 0 0 2 1 5 20:39 1 0 0 0
5 Clifford Nickles C 0 0 0 -1 1 0 10:49 0 2 0 0
21 Phillip Saganiuk LW 0 0 0 -1 4 4 10:48 0 4 0 0
4 Kobe Babych D 0 0 0 -1 1 5 16:22 3 0 0 0
2 Lukas Weller D 0 0 0 5 2 0 25:03 3 2 0 1
# Goalie GA SA SV SV% TOI
1 Thatcher Goodyear 0 0 0 0.000 0:00
31 Olaf Patalong 3 29 26 0.897 60:00
TRT
TRI

Red Tails

Red Tails

5 vs 5 Forward
Line #Left WingCenterRight WingPHYDFOFWanted %Time %Time Play
1Cole McureTom FolkeLeimo Ali0143533%17:05
2Aki-Ville LalloAshton ThomsonCruz Dupont1133028%14:30
3Bill BrelihHarry ClerkAarre Lokki1222223%11:47
4Phillip SaganiukClifford NicklesBlaize Bremer1221317%8:42
5 vs 5 Defense
Line #DefenseDefensePHYDFOFWanted %Time %Time Play
1Lukas WellerColtyn Bergevin1224036%18:57
2Dolf ImsengKobe Babych1223033%16:56
3Svyatoslav MylnikovVyacheslav Oleshko2212527%14:09
4Dolf ImsengLukas Weller22154%2:02
Power Play Forward
Line #Left WingCenterRight WingPHYDFOFWanted %Time %Time Play
1Cole McureTom FolkeLeimo Ali0146056%2:14
2Phillip SaganiukAshton ThomsonAarre Lokki0144044%1:44
Power Play Defense
Line #DefenseDefensePHYDFOFWanted %Time %Time Play
1Lukas WellerAki-Ville Lallo0236061%2:25
2Cruz DupontDolf Imseng0234039%1:33
Penalty Kill 4 Players Forward
Line #CenterWingPHYDFOFWanted %Time %Time Play
1Clifford NicklesPhillip Saganiuk1315075%2:58
2Harry ClerkBill Brelih1315025%1:00
Penalty Kill 4 Players Defense
Line #DefenseDefensePHYDFOFWanted %Time %Time Play
1Svyatoslav MylnikovVyacheslav Oleshko2305050%1:59
2Kobe BabychColtyn Bergevin2305050%1:59
Penalty Kill 3 Players
Line #WingPHYDFOFWanted %Time %Time PlayDefenseDefensePHYDFOFWanted %Time %Time Play
1Clifford Nickles140500%0:00 Svyatoslav MylnikovLukas Weller140500%0:00
2Bill Brelih140500%0:00 Vyacheslav OleshkoColtyn Bergevin140500%0:00
4 vs 4 Forward
Line #CenterWingPHYDFOFWanted %Time %Time Play
1Tom FolkeLeimo Ali122500%0:00
2Harry ClerkCole Mcure122500%0:00
4 vs 4 Defense
Line #DefensePHYDFOFWanted %Time %Time Play
1Svyatoslav MylnikovColtyn Bergevin122500%0:00
2Vyacheslav OleshkoKobe Babych122500%0:00
Last Minutes Offensive
Left WingCenterRight WingDefenseDefense
Cole McureTom FolkeLeimo AliDolf ImsengLukas Weller
Last Minutes Defensive
Left WingCenterRight WingDefenseDefense
Bill BrelihClifford NicklesPhillip SaganiukSvyatoslav MylnikovVyacheslav Oleshko
Time
Total ForwardTotal DefenseLast Minutes OffensiveLast Minutes Defensive
60:00 60:00 0:000:00
Extra Forwards
Normal PowerPlayPenalty Kill
Cole Mcure, Ashton Thomson, Phillip SaganiukTom Folke, Cruz DupontBill Brelih
Extra Defensemen
Normal PowerPlayPenalty Kill
Lukas Weller, Coltyn Bergevin, Kobe BabychDolf Imseng, Svyatoslav MylnikovVyacheslav Oleshko
Penalty Shots
Tom Folke, Dolf Imseng, Ashton Thomson, Bill Brelih, Leimo Ali
Goalie
Olaf Patalong, Thatcher Goodyear
Custom OT Lines Forwards
Tom Folke, Cole Mcure, Ashton Thomson, Leimo Ali, Aki-Ville Lallo, Cruz Dupont, Phillip Saganiuk, Clifford Nickles, Harry Clerk, Bill Brelih
Custom OT Lines Defensemen
Dolf Imseng, Lukas Weller, Kobe Babych, Coltyn Bergevin, Svyatoslav Mylnikov
Scratches
Joel Mcgauley (Healthy), Jonny Roman (Left Knee Injury)
1st Period

0:01 of 1st period - Michal Stellon wins face-off versus Tom Folke in neutral zone.
0:48 of 1st period - Coltyn Bergevin is hit by Nathan Paasiaro and loses puck.
1:01 of 1st period - Snap shot by Cole Mcure.
1:01 of 1st period - Shot Blocked by Eddie Schmidtke.
1:03 of 1st period - Slapshot by Lukas Weller.
1:03 of 1st period - Deflect By Cole Mcure.
1:03 of 1st period - Stopped by Tsurayuki Shibahara with a rebound.
1:05 of 1st period - Snap shot by Tom Folke.
1:05 of 1st period - Shot Misses the Net.
1:07 of 1st period - Snap shot by Tom Folke.
1:07 of 1st period - Stopped by Tsurayuki Shibahara with a rebound.
1:09 of 1st period - Wrist shot by Tom Folke.
1:09 of 1st period - Stopped by Tsurayuki Shibahara without a rebound.
1:10 of 1st period - Ashton Thomson wins face-off versus Lenny Koonts in Trident zone.
1:25 of 1st period - Wrist shot by Lenny Koonts.
1:25 of 1st period - Shot Misses the Net.
2:01 of 1st period - Snap shot by Blaize Bremer.
2:01 of 1st period - Shot Blocked by Nathan Paasiaro.
2:03 of 1st period - Slapshot by Kobe Babych.
2:03 of 1st period - Deflect By Blaize Bremer.
2:03 of 1st period - Stopped by Tsurayuki Shibahara with a rebound.
2:05 of 1st period - Snap shot by Phillip Saganiuk.
2:05 of 1st period - Stopped by Tsurayuki Shibahara without a rebound.
2:06 of 1st period - Lenny Koonts wins face-off versus Ashton Thomson in Trident zone.
2:13 of 1st period - Slapshot by Lenny Koonts.
2:13 of 1st period - Stopped by Olaf Patalong with a rebound.
2:15 of 1st period - Wrist shot by Gordon Peltokangas.
2:15 of 1st period - Shot Misses the Net.
2:17 of 1st period - Slapshot by Zackary Rothschild.
2:17 of 1st period - Deflect By Ashton Thomson.
2:17 of 1st period - Stopped by Olaf Patalong without a rebound.
2:18 of 1st period - Jarred Kennelly wins face-off versus Harry Clerk in Red Tails zone.
2:19 of 1st period - Snap shot by Silvan Haslebacher.
2:19 of 1st period - Shot Blocked by Harry Clerk.
2:44 of 1st period - Icing by Nathan Paasiaro.
2:45 of 1st period - Jarred Kennelly wins face-off versus Ashton Thomson in Trident zone.
2:45 of 1st period - Jarred Kennelly is hit by Ashton Thomson.
3:23 of 1st period - Wrist shot by Marc-Andre Larochelle.
3:23 of 1st period - Stopped by Olaf Patalong with a rebound.
3:33 of 1st period - Dolf Imseng is hit by Michal Stellon and loses puck.
3:57 of 1st period - Off-side.
3:58 of 1st period - Harry Clerk wins face-off versus Lenny Koonts in neutral zone.
4:48 of 1st period - Snap shot by Silvan Haslebacher.
4:48 of 1st period - Stopped by Olaf Patalong with a rebound.
5:28 of 1st period - Wrist shot by Valentin Lokhanov.
5:28 of 1st period - Shot Blocked by Harry Clerk.
5:30 of 1st period - Slapshot by Acke Kronholm.
5:30 of 1st period - Shot Blocked by Coltyn Bergevin.
5:32 of 1st period - Wrist shot by Valentin Lokhanov.
5:32 of 1st period - Shot Blocked by Lukas Weller.
5:34 of 1st period - Slapshot by Acke Kronholm.
5:34 of 1st period - Shot Blocked by Harry Clerk.
5:36 of 1st period - Snap shot by Lenny Koonts.
5:36 of 1st period - Deflect By Valentin Lokhanov.
5:36 of 1st period - Shot Misses the Net.
5:36 of 1st period - Puck is out of play.
5:37 of 1st period - Terrence Mazzei wins face-off versus Ashton Thomson in Red Tails zone.
5:37 of 1st period - Jimmy Ruddell and Kobe Babych fight to a draw.
5:37 of 1st period - Penalty to Jimmy Ruddell for Fighting.
5:37 of 1st period - Penalty to Kobe Babych for Fighting.
5:38 of 1st period - Cruz Dupont wins face-off versus Valentin Lokhanov in Red Tails zone.
5:43 of 1st period - Slapshot by Coltyn Bergevin.
5:43 of 1st period - Deflect By Gordon Peltokangas.
5:43 of 1st period - Stopped by Tsurayuki Shibahara without a rebound.
5:44 of 1st period - Ashton Thomson wins face-off versus Lenny Koonts in Trident zone.
6:33 of 1st period - Snap shot by Bill Brelih.
6:33 of 1st period - Shot Misses the Net.
6:35 of 1st period - Snap shot by Harry Clerk.
6:35 of 1st period - Goal by Harry Clerk - Red Tails : 1 - Trident : 0.
6:36 of 1st period - Ashton Thomson wins face-off versus Jarred Kennelly in neutral zone.
6:41 of 1st period - Wrist shot by Cruz Dupont.
6:41 of 1st period - Shot Blocked by Acke Kronholm.
6:43 of 1st period - Wrist shot by Ashton Thomson.
6:43 of 1st period - Goal by Ashton Thomson - Red Tails : 2 - Trident : 0.
6:44 of 1st period - Ashton Thomson wins face-off versus Jarred Kennelly in neutral zone.
6:51 of 1st period - Wrist shot by Ashton Thomson.
6:51 of 1st period - Goal by Ashton Thomson - Red Tails : 3 - Trident : 0.
6:52 of 1st period - Jarred Kennelly wins face-off versus Tom Folke in neutral zone.
7:31 of 1st period - Snap shot by Gordon Peltokangas.
7:31 of 1st period - Stopped by Olaf Patalong without a rebound.
7:32 of 1st period - Terrence Mazzei wins face-off versus Harry Clerk in Red Tails zone.
7:59 of 1st period - Jarred Kennelly is hit by Cole Mcure.
8:37 of 1st period - Eddie Schmidtke is hit by Phillip Saganiuk and loses puck.
8:44 of 1st period - Snap shot by Blaize Bremer.
8:44 of 1st period - Stopped by Tsurayuki Shibahara with a rebound.
8:46 of 1st period - Wrist shot by Phillip Saganiuk.
8:46 of 1st period - Shot Misses the Net.
8:53 of 1st period - Icing by Zackary Rothschild.
8:54 of 1st period - Riordan Winstone wins face-off versus Harry Clerk in Trident zone.
9:38 of 1st period - Coltyn Bergevin is hit by Riordan Winstone.
9:58 of 1st period - Wrist shot by Valentin Lokhanov.
9:58 of 1st period - Stopped by Olaf Patalong without a rebound.
9:59 of 1st period - Clifford Nickles wins face-off versus Lenny Koonts in Red Tails zone.
9:59 of 1st period - Clifford Nickles is hit by Loren Converse.
10:07 of 1st period - Wrist shot by Valentin Lokhanov.
10:07 of 1st period - Stopped by Olaf Patalong with a rebound.
10:09 of 1st period - Snap shot by Lenny Koonts.
10:09 of 1st period - Stopped by Olaf Patalong with a rebound.
10:11 of 1st period - Snap shot by Valentin Lokhanov.
10:11 of 1st period - Deflect By Lenny Koonts.
10:11 of 1st period - Shot Misses the Net.
10:11 of 1st period - Puck is out of play.
10:12 of 1st period - Cole Mcure wins face-off versus Lenny Koonts in Red Tails zone.
10:12 of 1st period - Cole Mcure is hit by Arnt Pfeffer.
10:38 of 1st period - Dolf Imseng is hit by Michal Stellon and loses puck.
11:03 of 1st period - Wrist shot by Phil Lawless.
11:03 of 1st period - Shot Misses the Net.
11:42 of 1st period - Loren Converse is hit by Cole Mcure and loses puck.
12:12 of 1st period - Off-side.
12:13 of 1st period - Tom Folke wins face-off versus Lenny Koonts in neutral zone.
12:25 of 1st period - Icing by Svyatoslav Mylnikov.
12:26 of 1st period - Jarred Kennelly wins face-off versus Leimo Ali in Red Tails zone.
12:57 of 1st period - Snap shot by Leimo Ali.
12:57 of 1st period - Shot Misses the Net.
13:13 of 1st period - Snap shot by Leimo Ali.
13:13 of 1st period - Stopped by Tsurayuki Shibahara with a rebound.
13:19 of 1st period - Snap shot by Cole Mcure.
13:19 of 1st period - Shot Misses the Net.
14:01 of 1st period - Wrist shot by Cole Mcure.
14:01 of 1st period - Stopped by Tsurayuki Shibahara with a rebound.
14:03 of 1st period - Snap shot by Cole Mcure.
14:03 of 1st period - Stopped by Tsurayuki Shibahara with a rebound.
14:05 of 1st period - Slapshot by Cole Mcure.
14:05 of 1st period - Stopped by Tsurayuki Shibahara with a rebound.
14:47 of 1st period - Snap shot by Tom Folke.
14:47 of 1st period - Shot Misses the Net.
14:49 of 1st period - Slapshot by Svyatoslav Mylnikov.
14:49 of 1st period - Shot Misses the Net.
14:51 of 1st period - Slapshot by Leimo Ali.
14:51 of 1st period - Stopped by Tsurayuki Shibahara without a rebound.
14:52 of 1st period - Ashton Thomson wins face-off versus Jarred Kennelly in Trident zone.
15:20 of 1st period - Snap shot by Lenny Koonts.
15:20 of 1st period - Shot Misses the Net.
15:43 of 1st period - Snap shot by Phil Lawless.
15:43 of 1st period - Shot Blocked by Kobe Babych.
15:45 of 1st period - Slapshot by Arnt Pfeffer.
15:45 of 1st period - Goal by Arnt Pfeffer - Red Tails : 3 - Trident : 1.
15:46 of 1st period - Ashton Thomson wins face-off versus Jarred Kennelly in neutral zone.
17:11 of 1st period - Cruz Dupont is hit by Valentin Lokhanov and loses puck.
17:39 of 1st period - Svyatoslav Mylnikov is hit by Jarred Kennelly and loses puck.
19:27 of 1st period - Eddie Schmidtke is hit by Ashton Thomson and loses puck.
19:57 of 1st period - Slapshot by Lenny Koonts.
19:57 of 1st period - Shot Misses the Net.
Goals for this period are 3 for Red Tails vs 1 for Trident.
Shots for this period are 15 for Red Tails vs 9 for Trident.
2nd Period

0:01 of 2nd period - Ashton Thomson wins face-off versus Lenny Koonts in neutral zone.
0:01 of 2nd period - Ashton Thomson is hit by Valentin Lokhanov.
0:05 of 2nd period - Slapshot by Lukas Weller.
0:05 of 2nd period - Deflect By Cruz Dupont.
0:05 of 2nd period - Stopped by Tsurayuki Shibahara with a rebound.
0:27 of 2nd period - Arnt Pfeffer is hit by Harry Clerk.
1:18 of 2nd period - Snap shot by Ashton Thomson.
1:18 of 2nd period - Shot Blocked by Acke Kronholm.
1:46 of 2nd period - Snap shot by Lenny Koonts.
1:46 of 2nd period - Shot Misses the Net.
1:56 of 2nd period - Snap shot by Silvan Haslebacher.
1:56 of 2nd period - Goal by Silvan Haslebacher - Red Tails : 3 - Trident : 2.
1:57 of 2nd period - Ashton Thomson wins face-off versus Michal Stellon in neutral zone.
2:34 of 2nd period - Snap shot by Gordon Peltokangas.
2:34 of 2nd period - Stopped by Olaf Patalong with a rebound.
2:36 of 2nd period - Snap shot by Arnt Pfeffer.
2:36 of 2nd period - Stopped by Olaf Patalong without a rebound.
2:37 of 2nd period - Terrence Mazzei wins face-off versus Ashton Thomson in Red Tails zone.
2:42 of 2nd period - Snap shot by Jimmy Ruddell.
2:42 of 2nd period - Shot Misses the Net.
2:44 of 2nd period - Wrist shot by Terrence Mazzei.
2:44 of 2nd period - Shot Blocked by Lukas Weller.
2:48 of 2nd period - Wrist shot by Jimmy Ruddell.
2:48 of 2nd period - Shot Misses the Net.
2:50 of 2nd period - Snap shot by Jimmy Ruddell.
2:50 of 2nd period - Shot Blocked by Ashton Thomson.
2:52 of 2nd period - Slapshot by Zackary Rothschild.
2:52 of 2nd period - Stopped by Olaf Patalong without a rebound.
2:53 of 2nd period - Lenny Koonts wins face-off versus Tom Folke in Red Tails zone.
3:10 of 2nd period - Wrist shot by Leimo Ali.
3:10 of 2nd period - Shot Blocked by Albert Zamuner.
3:20 of 2nd period - Michal Stellon is hit by Ashton Thomson and loses puck.
3:58 of 2nd period - Icing by Aarre Lokki.
3:59 of 2nd period - Riordan Winstone wins face-off versus Harry Clerk in Red Tails zone.
4:00 of 2nd period - Wrist shot by Phil Lawless.
4:00 of 2nd period - Stopped by Olaf Patalong with a rebound.
4:56 of 2nd period - Icing by Marc-Andre Larochelle.
4:57 of 2nd period - Tom Folke wins face-off versus Terrence Mazzei in Trident zone.
5:00 of 2nd period - Wrist shot by Leimo Ali.
5:00 of 2nd period - Shot Misses the Net.
5:02 of 2nd period - Wrist shot by Cole Mcure.
5:02 of 2nd period - Deflect By Leimo Ali.
5:02 of 2nd period - Goal by Leimo Ali - Red Tails : 4 - Trident : 2.
5:02 of 2nd period - Jim Gloeckner enters game.
5:03 of 2nd period - Jarred Kennelly wins face-off versus Ashton Thomson in neutral zone.
5:29 of 2nd period - Gordon Peltokangas is hit by Leimo Ali and loses puck.
5:50 of 2nd period - Nathan Paasiaro is hit by Bill Brelih.
5:54 of 2nd period - Snap shot by Aarre Lokki.
5:54 of 2nd period - Shot Misses the Net.
5:56 of 2nd period - Snap shot by Harry Clerk.
5:56 of 2nd period - Stopped by Jim Gloeckner without a rebound.
5:57 of 2nd period - Jarred Kennelly wins face-off versus Harry Clerk in Trident zone.
6:15 of 2nd period - Snap shot by Aarre Lokki.
6:15 of 2nd period - Shot Misses the Net.
6:29 of 2nd period - Icing by Jimmy Ruddell.
6:30 of 2nd period - Ashton Thomson wins face-off versus Terrence Mazzei in Trident zone.
7:36 of 2nd period - Wrist shot by Lenny Koonts.
7:36 of 2nd period - Stopped by Olaf Patalong with a rebound.
7:48 of 2nd period - Wrist shot by Valentin Lokhanov.
7:48 of 2nd period - Shot Blocked by Bill Brelih.
7:50 of 2nd period - Slapshot by Loren Converse.
7:50 of 2nd period - Stopped by Olaf Patalong with a rebound.
8:20 of 2nd period - Vyacheslav Oleshko is hit by Nathan Paasiaro and loses puck.
8:29 of 2nd period - Nathan Paasiaro is hit by Leimo Ali and loses puck.
8:47 of 2nd period - Gordon Peltokangas is hit by Phillip Saganiuk and loses puck.
9:00 of 2nd period - Nathan Paasiaro is hit by Lukas Weller and loses puck.
9:07 of 2nd period - Wrist shot by Ashton Thomson.
9:07 of 2nd period - Stopped by Jim Gloeckner with a rebound.
9:09 of 2nd period - Snap shot by Ashton Thomson.
9:09 of 2nd period - Goal by Ashton Thomson - Red Tails : 5 - Trident : 2.
9:10 of 2nd period - Jarred Kennelly wins face-off versus Tom Folke in neutral zone.
9:25 of 2nd period - Backhand shot by Silvan Haslebacher.
9:25 of 2nd period - Stopped by Olaf Patalong with a rebound.
9:42 of 2nd period - Slapshot by Gordon Peltokangas.
9:42 of 2nd period - Shot Blocked by Ashton Thomson.
9:44 of 2nd period - Slapshot by Albert Zamuner.
9:44 of 2nd period - Shot Blocked by Lukas Weller.
10:16 of 2nd period - Coltyn Bergevin is hit by Phil Lawless and loses puck.
10:47 of 2nd period - Jimmy Ruddell is hit by Leimo Ali and loses puck.
10:56 of 2nd period - Snap shot by Leimo Ali.
10:56 of 2nd period - Stopped by Jim Gloeckner without a rebound.
10:57 of 2nd period - Clifford Nickles wins face-off versus Lenny Koonts in Trident zone.
10:58 of 2nd period - Slapshot by Dolf Imseng.
10:58 of 2nd period - Deflect By Blaize Bremer.
10:58 of 2nd period - Stopped by Jim Gloeckner with a rebound.
11:01 of 2nd period - Icing by Acke Kronholm.
11:02 of 2nd period - Lenny Koonts wins face-off versus Clifford Nickles in Trident zone.
11:17 of 2nd period - Wrist shot by Gordon Peltokangas.
11:17 of 2nd period - Stopped by Olaf Patalong with a rebound.
11:19 of 2nd period - Wrist shot by Valentin Lokhanov.
11:19 of 2nd period - Shot Misses the Net.
11:25 of 2nd period - Minor Penalty to Phillip Saganiuk for Interference.
11:26 of 2nd period - Jarred Kennelly wins face-off versus Clifford Nickles in Red Tails zone.
13:19 of 2nd period - Aki-Ville Lallo is hit by Nathan Paasiaro and loses puck.
13:25 of 2nd period - Penalty to Phillip Saganiuk is over, Phillip Saganiuk is back on ice.
13:35 of 2nd period - Off-side.
13:36 of 2nd period - Riordan Winstone wins face-off versus Ashton Thomson in neutral zone.
14:02 of 2nd period - Snap shot by Ashton Thomson.
14:02 of 2nd period - Goal by Ashton Thomson - Red Tails : 6 - Trident : 2.
14:03 of 2nd period - Tom Folke wins face-off versus Jarred Kennelly in neutral zone.
14:10 of 2nd period - Wrist shot by Tom Folke.
14:10 of 2nd period - Stopped by Jim Gloeckner with a rebound.
14:41 of 2nd period - Snap shot by Valentin Lokhanov.
14:41 of 2nd period - Stopped by Olaf Patalong without a rebound.
14:42 of 2nd period - Jarred Kennelly wins face-off versus Tom Folke in Red Tails zone.
14:58 of 2nd period - Snap shot by Silvan Haslebacher.
14:58 of 2nd period - Goal by Silvan Haslebacher - Red Tails : 6 - Trident : 3.
14:59 of 2nd period - Jarred Kennelly wins face-off versus Tom Folke in neutral zone.
15:04 of 2nd period - Snap shot by Michal Stellon.
15:04 of 2nd period - Shot Misses the Net.
15:06 of 2nd period - Snap shot by Silvan Haslebacher.
15:06 of 2nd period - Stopped by Olaf Patalong with a rebound.
15:14 of 2nd period - Snap shot by Jarred Kennelly.
15:14 of 2nd period - Shot Blocked by Leimo Ali.
15:16 of 2nd period - Wrist shot by Michal Stellon.
15:16 of 2nd period - Stopped by Olaf Patalong without a rebound.
15:17 of 2nd period - Lenny Koonts wins face-off versus Ashton Thomson in Red Tails zone.
15:43 of 2nd period - Coltyn Bergevin is hit by Loren Converse and loses puck.
16:14 of 2nd period - Wrist shot by Marc-Andre Larochelle.
16:14 of 2nd period - Shot Blocked by Kobe Babych.
16:34 of 2nd period - Slapshot by Phillip Saganiuk.
16:34 of 2nd period - Stopped by Jim Gloeckner with a rebound.
16:36 of 2nd period - Wrist shot by Clifford Nickles.
16:36 of 2nd period - Stopped by Jim Gloeckner with a rebound.
16:54 of 2nd period - Acke Kronholm is hit by Ashton Thomson and loses puck.
17:05 of 2nd period - Acke Kronholm is hit by Leimo Ali and loses puck.
17:25 of 2nd period - Svyatoslav Mylnikov is hit by Marc-Andre Larochelle.
17:46 of 2nd period - Acke Kronholm is hit by Blaize Bremer and loses puck.
18:14 of 2nd period - Icing by Svyatoslav Mylnikov.
18:15 of 2nd period - Jarred Kennelly wins face-off versus Ashton Thomson in Red Tails zone.
18:16 of 2nd period - Snap shot by Michal Stellon.
18:16 of 2nd period - Shot Blocked by Vyacheslav Oleshko.
18:18 of 2nd period - Slapshot by Albert Zamuner.
18:18 of 2nd period - Shot Blocked by Cruz Dupont.
18:20 of 2nd period - Slapshot by Zackary Rothschild.
18:20 of 2nd period - Deflect By Silvan Haslebacher.
18:20 of 2nd period - Shot Misses the Net.
18:20 of 2nd period - Puck is out of play.
18:21 of 2nd period - Tom Folke wins face-off versus Jarred Kennelly in Red Tails zone.
18:36 of 2nd period - Wrist shot by Jarred Kennelly.
18:36 of 2nd period - Shot Misses the Net.
18:38 of 2nd period - Snap shot by Silvan Haslebacher.
18:38 of 2nd period - Shot Misses the Net.
18:54 of 2nd period - Backhand shot by Ashton Thomson.
18:54 of 2nd period - Shot Misses the Net.
19:08 of 2nd period - Harry Clerk is hit by Marc-Andre Larochelle and loses puck.
19:17 of 2nd period - Wrist shot by Jimmy Ruddell.
19:17 of 2nd period - Shot Blocked by Kobe Babych.
19:19 of 2nd period - Wrist shot by Terrence Mazzei.
19:19 of 2nd period - Stopped by Olaf Patalong with a rebound.
19:21 of 2nd period - Snap shot by Marc-Andre Larochelle.
19:21 of 2nd period - Stopped by Olaf Patalong with a rebound.
19:35 of 2nd period - Eddie Schmidtke is hit by Phillip Saganiuk and loses puck.
19:42 of 2nd period - Slapshot by Loren Converse.
19:42 of 2nd period - Stopped by Olaf Patalong without a rebound.
19:43 of 2nd period - Silvan Haslebacher wins face-off versus Tom Folke in Red Tails zone.
19:46 of 2nd period - Wrist shot by Jarred Kennelly.
19:46 of 2nd period - Stopped by Olaf Patalong without a rebound.
19:47 of 2nd period - Tom Folke wins face-off versus Jarred Kennelly in Red Tails zone.
Goals for this period are 3 for Red Tails vs 2 for Trident.
Shots for this period are 11 for Red Tails vs 17 for Trident.
3rd Period

0:01 of 3rd period - Jarred Kennelly wins face-off versus Tom Folke in neutral zone.
0:10 of 3rd period - Wrist shot by Jarred Kennelly.
0:10 of 3rd period - Stopped by Olaf Patalong with a rebound.
0:28 of 3rd period - Snap shot by Aarre Lokki.
0:28 of 3rd period - Stopped by Jim Gloeckner with a rebound.
0:30 of 3rd period - Slapshot by Lukas Weller.
0:30 of 3rd period - Deflect By Bill Brelih.
0:30 of 3rd period - Shot Misses the Net.
0:30 of 3rd period - Puck is out of play.
0:31 of 3rd period - Harry Clerk wins face-off versus Lenny Koonts in Trident zone.
0:32 of 3rd period - Wrist shot by Aarre Lokki.
0:32 of 3rd period - Shot Blocked by Albert Zamuner.
0:46 of 3rd period - Snap shot by Valentin Lokhanov.
0:46 of 3rd period - Shot Misses the Net.
0:48 of 3rd period - Snap shot by Lenny Koonts.
0:48 of 3rd period - Shot Blocked by Vyacheslav Oleshko.
1:47 of 3rd period - Snap shot by Valentin Lokhanov.
1:47 of 3rd period - Shot Misses the Net.
2:17 of 3rd period - Jarred Kennelly is hit by Vyacheslav Oleshko and loses puck.
3:32 of 3rd period - Blaize Bremer is hit by Marc-Andre Larochelle.
4:08 of 3rd period - Snap shot by Aarre Lokki.
4:08 of 3rd period - Shot Misses the Net.
4:24 of 3rd period - Ashton Thomson is hit by Terrence Mazzei and loses puck.
4:53 of 3rd period - Zackary Rothschild is hit by Clifford Nickles and loses puck.
5:06 of 3rd period - Leimo Ali is hit by Jarred Kennelly and loses puck.
6:09 of 3rd period - Wrist shot by Tom Folke.
6:09 of 3rd period - Shot Misses the Net.
6:11 of 3rd period - Wrist shot by Cole Mcure.
6:11 of 3rd period - Goal by Cole Mcure - Red Tails : 7 - Trident : 3.
6:12 of 3rd period - Jarred Kennelly wins face-off versus Ashton Thomson in neutral zone.
6:45 of 3rd period - Snap shot by Gordon Peltokangas.
6:45 of 3rd period - Shot Misses the Net.
7:23 of 3rd period - Snap shot by Cruz Dupont.
7:23 of 3rd period - Shot Misses the Net.
7:25 of 3rd period - Snap shot by Ashton Thomson.
7:25 of 3rd period - Shot Misses the Net.
7:27 of 3rd period - Slapshot by Lukas Weller.
7:27 of 3rd period - Deflect By Ashton Thomson.
7:27 of 3rd period - Shot Misses the Net.
7:27 of 3rd period - Puck is out of play.
7:28 of 3rd period - Jarred Kennelly wins face-off versus Ashton Thomson in Trident zone.
7:35 of 3rd period - Acke Kronholm beats up Coltyn Bergevin.
7:35 of 3rd period - Penalty to Acke Kronholm for Fighting.
7:35 of 3rd period - Penalty to Coltyn Bergevin for Fighting.
7:35 of 3rd period - Penalty to Acke Kronholm for instigated a fight.
7:35 of 3rd period - Penalty to Acke Kronholm for instigated a fight.
7:36 of 3rd period - Tom Folke wins face-off versus Lenny Koonts in Red Tails zone.
9:35 of 3rd period - Penalty to Acke Kronholm is over, Marc-Andre Larochelle is send on ice.
10:02 of 3rd period - Aarre Lokki is hit by Marc-Andre Larochelle and loses puck.
10:30 of 3rd period - Jarred Kennelly is hit by Clifford Nickles and loses puck.
10:57 of 3rd period - Valentin Lokhanov is hit by Svyatoslav Mylnikov.
11:52 of 3rd period - Ashton Thomson is hit by Silvan Haslebacher and loses puck.
12:17 of 3rd period - Minor Penalty to Marc-Andre Larochelle for High sticking.
12:18 of 3rd period - Tom Folke wins face-off versus Terrence Mazzei in Trident zone.
12:19 of 3rd period - Slapshot by Leimo Ali.
12:19 of 3rd period - Shot Blocked by Loren Converse.
12:21 of 3rd period - Snap shot by Lukas Weller.
12:21 of 3rd period - Stopped by Jim Gloeckner with a rebound.
12:23 of 3rd period - Slapshot by Lukas Weller.
12:23 of 3rd period - Stopped by Jim Gloeckner with a rebound.
12:35 of 3rd period - Penalty to Acke Kronholm is over, Terrence Mazzei is send on ice.
12:37 of 3rd period - Lenny Koonts is hit by Lukas Weller and loses puck.
12:52 of 3rd period - Arnt Pfeffer is hit by Cruz Dupont and loses puck.
13:44 of 3rd period - Icing by Cole Mcure.
13:45 of 3rd period - Terrence Mazzei wins face-off versus Cole Mcure in Red Tails zone.
13:46 of 3rd period - Snap shot by Zackary Rothschild.
13:46 of 3rd period - Stopped by Olaf Patalong without a rebound.
13:47 of 3rd period - Tom Folke wins face-off versus Terrence Mazzei in Red Tails zone.
14:17 of 3rd period - Penalty to Marc-Andre Larochelle is over, Marc-Andre Larochelle is back on ice.
14:26 of 3rd period - Snap shot by Dolf Imseng.
14:26 of 3rd period - Shot Blocked by Lenny Koonts.
14:28 of 3rd period - Snap shot by Phillip Saganiuk.
14:28 of 3rd period - Shot Misses the Net.
14:34 of 3rd period - Wrist shot by Aarre Lokki.
14:34 of 3rd period - Shot Misses the Net.
14:36 of 3rd period - Wrist shot by Phillip Saganiuk.
14:36 of 3rd period - Stopped by Jim Gloeckner without a rebound.
14:37 of 3rd period - Jarred Kennelly wins face-off versus Leimo Ali in Trident zone.
14:37 of 3rd period - Jarred Kennelly is hit by Tom Folke.
15:03 of 3rd period - Silvan Haslebacher is hit by Phillip Saganiuk and loses puck.
15:38 of 3rd period - Snap shot by Lenny Koonts.
15:38 of 3rd period - Shot Misses the Net.
16:00 of 3rd period - Slapshot by Kobe Babych.
16:00 of 3rd period - Stopped by Jim Gloeckner with a rebound.
16:07 of 3rd period - Arnt Pfeffer is hit by Dolf Imseng.
16:43 of 3rd period - Coltyn Bergevin is hit by Gordon Peltokangas and loses puck.
17:04 of 3rd period - Slapshot by Blaize Bremer.
17:04 of 3rd period - Stopped by Jim Gloeckner without a rebound.
17:05 of 3rd period - Jarred Kennelly wins face-off versus Clifford Nickles in Trident zone.
17:05 of 3rd period - Jarred Kennelly is hit by Vyacheslav Oleshko.
17:11 of 3rd period - Vyacheslav Oleshko is hit by Loren Converse and loses puck.
17:16 of 3rd period - Snap shot by Michal Stellon.
17:16 of 3rd period - Shot Blocked by Svyatoslav Mylnikov.
17:18 of 3rd period - Slapshot by Nathan Paasiaro.
17:18 of 3rd period - Shot Hit the Post.
17:20 of 3rd period - Slapshot by Jarred Kennelly.
17:20 of 3rd period - Deflect By Clifford Nickles.
17:20 of 3rd period - Stopped by Olaf Patalong with a rebound.
17:22 of 3rd period - Slapshot by Albert Zamuner.
17:22 of 3rd period - Shot Misses the Net.
17:28 of 3rd period - Minor Penalty to Phillip Saganiuk for Delaying the game.
17:29 of 3rd period - Harry Clerk wins face-off versus Lenny Koonts in Red Tails zone.
17:29 of 3rd period - Harry Clerk is hit by Marc-Andre Larochelle.
19:11 of 3rd period - Kobe Babych is hit by Jimmy Ruddell and loses puck.
19:28 of 3rd period - Penalty to Phillip Saganiuk is over, Phillip Saganiuk is back on ice.
19:42 of 3rd period - Snap shot by Phillip Saganiuk.
19:42 of 3rd period - Stopped by Jim Gloeckner without a rebound.
19:43 of 3rd period - Riordan Winstone wins face-off versus Tom Folke in Trident zone.
Goals for this period are 1 for Red Tails vs 0 for Trident.
Shots for this period are 8 for Red Tails vs 3 for Trident.

3 STARS

1st Star
C
15
G 4
A 0
+/- 4
TOI 16:25
2nd Star
RW
18
G 0
A 4
+/- 4
TOI 16:32
3rd Star
RW
67
G 1
A 1
+/- 1
TOI 19:04

Game Stats

TRT
VS
TRI
7 Goals 3
34 Shots 29
18 Blocked Shots 8
19 Missed Shots 21
44.4 Faceoff % 55.6
2 Power Plays 2
0 Power Play Goals 0
0 Power Play % 0

GAME DETAILS

VENUE
Unknown
CITY
Unknown
REFEREES
Hunter Mottinger, Dan O'Rourke
LINESMEN
Alec Larson, Charlie Wuest
ATTENDANCE
16,686